Map: Eternal Empire LE

Players

ImaGine

  • Race: Terran Terran
  • League: Master
  • Spawn Location: 1:00

hirekui - Winner!

  • Race: Terran Terran
  • League: Master
  • Spawn Location: 7:00

VOD

Have the link to the VOD?

Description

Time

  • Played on: May 2, 2020, 12:36 a.m.
  • Length: 5:05
Show
View Real Time Build Order
Export as new Build Order

ImaGine Terran 

Build Orders: 1/1/1 

Get SALT Encoding   

  12  0:00  SCV  
  13  0:13  SCV  
  14  0:17  Supply Depot  
  14  0:25  SCV  
  15  0:30  Refinery  
  15  0:39  SCV  
  16  0:45  Barracks  
  16  0:51  SCV  
  17  1:03  SCV  
  18  1:15  SCV  
  19  1:34  Orbital Command  
  19  1:35  Factory  
  19  1:54  Supply Depot  
  20  2:03  SCV  
  21  2:15  SCV  
  21  2:22  Starport, Marine  
  21  2:23  Factory Tech Lab  
  21  2:28  Command Center  
  21  2:29  SCV  
  22  2:40  Marine  
  22  2:41  SCV  
  22  2:43  Refinery  
  24  2:46  Bunker  
  24  2:52  Widow Mine  
  24  2:54  SCV  
  27  2:58  Supply Depot  
  27  3:07  Banshee  
  27  3:11  SCV  
  31  3:20  Marine  
  31  3:22  Factory Tech Lab  
  31  3:23  SCV  
  33  3:38  Marine  
  33  3:39  SCV  
  35  3:41  Orbital Command  
  35  3:50  Raven  
  35  3:55  SCV  
  38  3:57  Refinery, Marine  
  39  4:07  SCV  
  39  4:09  SCV  
  41  4:13  Siege Tank  
  44  4:19  SCV  
  44  4:20  Supply Depot  
  31  4:31  Marine  
Show
View Real Time Build Order
Export as new Build Order

hirekui Terran - Winner!

Build Orders: Liberator Opening 

Get SALT Encoding   

  12  0:01  SCV  
  13  0:13  SCV  
  14  0:17  Supply Depot  
  14  0:25  SCV  
  14  0:28  Refinery  
  15  0:39  SCV  
  16  0:45  Barracks  
  16  0:52  SCV  
  16  0:55  Refinery  
  17  1:04  SCV  
  18  1:16  SCV  
  19  1:33  Orbital Command  
  19  1:35  Barracks Reactor  
  19  1:42  Factory  
  19  1:55  Supply Depot  
  18  2:01  SCV  
  19  2:12  Reaper  
  19  2:13  Reaper  
  21  2:15  SCV  
  22  2:27  SCV  
  22  2:29  Hellion  
  25  2:32  Starport  
  25  2:42  SCV  
  26  2:45  Reaper x2  
  26  2:49  Supply Depot  
  28  2:54  Hellion  
  28  2:58  SCV  
  31  3:11  Medivac  
  34  3:16  Supply Depot  
  34  3:19  Hellion  
  35  3:20  Reaper  
  35  3:22  Reaper  
  37  3:41  Factory Tech Lab, Liberator  
  40  3:55  Command Center  
  40  4:04  Cyclone  
  42  4:24  SCV  
  42  4:27  Starport Tech Lab  
  43  4:36  SCV  
  43  4:48  SCV  
Tags
 
Add a new tag
Caveats
  • Supply blocks, unpowered buildings, or Contaminate may cause inaccurate times.
  • Supply counts are checked every 10 seconds.